 Dungeon Crawl Stone Soup version 0.22-a0-542-gce4f928 (webtiles) character file.

133 kae the Insei (level 4, 0/33 HPs)
             Began as a Demonspawn Transmuter on June 24, 2018.
             Killed by nerve-wracking pain
             ... invoked by a shadow imp
             ... summoned by Natasha
              (11 damage)
             ... on level 3 of the Dungeon.
             The game lasted 00:03:38 (3614 turns).

kae the Insei (Demonspawn Transmuter)               Turns: 3614, Time: 00:03:39

Health: 0/33       AC:  2    Str: 11    XL:     4   Next: 94%
Magic:  3/7        EV: 11    Int: 14    God:
Gold:   86         SH:  3    Dex: 14    Spells: 2/8 levels left

rFire    . . .     SeeInvis .   e - +0 club (curse)
rCold    . . .     Gourm    .   f - +0 buckler
rNeg     . . .     Faith    .   b - +0 robe
rPois    .         Spirit   .   (no helmet)
rElec    .         Reflect  .   (no cloak)
rCorr    .         Harm     .   (no gloves)
MR       .....                  (no boots)
Stlth    +.........             (no amulet)
HPRegen  0.11/turn              (no ring)
MPRegen  0.10/turn              (no ring)

@: no status effects
A: talons 1
a: no special abilities


You were on level 3 of the Dungeon.
You were near starving.

You visited 1 branch of the dungeon, and saw 3 of its levels.

You collected 86 gold pieces.

Inventory:

Hand Weapons
 e - a cursed +0 club (weapon)
Missiles
 a - 57 arrows
Armour
 b - a +0 robe (worn)
 f - a +0 buckler (worn)
Jewellery
 l - a +5 ring of strength {unknown}
Scrolls
 i - a scroll of remove curse {unknown}
 j - a scroll of blinking {unknown}
 k - 2 scrolls of amnesia
Potions
 c - a potion of curing
 g - a potion of degeneration {unknown}
 h - 2 potions of might
Comestibles
 d - 3 rations


   Skills:
 + Level 2.1 Fighting
 - Level 1.7 Dodging
 * Level 3.6 Unarmed Combat
 + Level 2.6 Spellcasting
 * Level 3.0 Transmutations


You had 2 spell levels left.
You knew the following spells:

 Your Spells              Type           Power        Failure   Level  Hunger
a - Beastly Appendage     Tmut           ##....       11%         1    #......
b - Sticks to Snakes      Tmut           ##......     16%         2    ###....
c - Spider Form           Tmut/Pois      #.........   52%         3    ###....

Your spell library contained the following spells:

 Spells                   Type           Power        Failure   Level  Hunger
 Blade Hands              Tmut           ##........   96%         5    ######.
 Ice Form                 Ice/Tmut       #.......     89%         4    #####..


Dungeon Overview and Level Annotations

Branches:
Dungeon (3/15)

Altars:
Vehumet

Annotations:
D:3 Natasha


Innate Abilities, Weirdness & Mutations

You have sharp toenails.


Message History

Natasha casts a spell.
The shadow imp hits you. The hobgoblin hits you with a club.
Your ball python bites the white imp but does no damage.
Your ball python grabs the white imp.
Your ball python constricts the white imp.
You hit the hobgoblin but do no damage.
The hobgoblin is moderately wounded.
Natasha claws you. The shadow imp gestures at you.
Pain shoots through your body!
Your ball python bites the white imp.
Your ball python constricts the white imp.
The white imp struggles to escape constriction.
The hobgoblin hits you with a club. The shadow imp hits you. Natasha claws you!
* * * LOW HITPOINT WARNING * * *
You feel better.
Your ball python bites the white imp but does no damage.
Your ball python constricts the white imp.
The shadow imp gestures at you. Pain shoots through your body!
You die...

#############
##.....#.....##
##.............##
#................
#######................
#..............5.......
###...........5@......#
#####......Sgh......#
##...>..5......##
####### ##.....#.....##
......# ##.####.##.##
......### #h.# #.# .#
........# ##.# #.# #
......#.####g# #.#
......#....ยง5###.#


You could see Natasha, a white imp, 2 shadow imps, a hobgoblin and a friendly
ball python.

Vanquished Creatures
  Natasha (D:3)
  2 adders (D:2)
  A worm (D:2)
  2 dart slugs
  A leopard gecko (D:2)
  A ball python (D:2)
  11 bats
  3 giant cockroaches (D:1)
  9 goblins
  10 hobgoblins
  4 jackals
  A quokka (D:2)
  2 frilled lizards
  6 kobolds
  6 rats
60 creatures vanquished.

Vanquished Creatures (collateral kills)
  Natasha (D:3)
  An adder (D:3)
  A ball python (D:2)
3 creatures vanquished.

Grand Total: 63 creatures vanquished

Notes
Turn   | Place    | Note
-------+----------+-------------------------------------------
     0 | D:1      | kae the Demonspawn Transmuter began the quest for the Orb.
     0 | D:1      | Reached XP level 1. HP: 15/15 MP: 3/3
   532 | D:1      | Gained mutation: You have sharp toenails. [demonic ancestry]
   532 | D:1      | Reached XP level 2. HP: 21/21 MP: 3/5
  1116 | D:1      | Reached XP level 3. HP: 25/26 MP: 6/6
  1618 | D:2      | HP: 1/26 [poisoned by an adder]
  1622 | D:3      | Noticed Natasha
  1833 | D:1      | Learned a level 2 spell: Sticks to Snakes
  1837 | D:1      | Learned a level 3 spell: Spider Form
  1868 | D:2      | Reached XP level 4. HP: 32/32 MP: 3/7
  2212 | D:2      | HP: 1/33 [worm (7)]
  2779 | D:2      | Found a radiant altar of Vehumet.
  3182 | D:3      | Killed Natasha
  3204 | D:3      | Noticed Natasha
  3213 | D:3      | Killed Natasha
  3469 | D:3      | Noticed Natasha
  3614 | D:3      | Killed from afar by a shadow imp

Vault maps used:
D:1:      mushboom_english_gardens
D:2:      vehumet_crystals, kennysheep_generic_room_7
D:3:      cheibrodos_helix_gallery, kennysheep_generic_room_5, uniq_natasha

Skill      XL: |  1  2  3  4 |
---------------+-------------+-----
Transmutations | 2 3 |  3.0
Unarmed Combat | 3 |  3.6
Fighting       | 2 |  2.1
Dodging        | |  1.7
Spellcasting   | |  2.6

Action                   |  1- 3 |  4- 6 || total
-------------------------+-------+-------++-------
Melee: Unarmed           |    35 |       ||    35
       Kick              |    26 |    18 ||    44
       Club              |   103 |    83 ||   186
       Headbutt          |     5 |     3 ||     8
 Cast: Beastly Appendage |    13 |     6 ||    19
       Spider Form       |     1 |       ||     1
       Sticks to Snakes  |       |     8 ||     8
  Use: Scroll            |     2 |     3 ||     5
       Potion            |     1 |     1 ||     2
 Stab: Sleeping          |     1 |       ||     1
       Distracted        |       |     1 ||     1
  Eat: Chunk             |     2 |     6 ||     8
Armor: Robe              |    41 |    24 ||    65
       Skin              |     1 |       ||     1
Dodge: Dodged            |   104 |    64 ||   168
Block: Buckler           |    13 |    16 ||    29

Table legend:
 A = Spawn XP
 B = Non-spawn XP
 C = Spawn XP percentage of total XP
 D = Spawn monster count
 E = Non-spawn monster count
 F = Spawn count percentage of total count
 G = Total turns spent on level
                    A         B        C        D         E        F      G
               +---------+---------+-------+---------+---------+-------+---------
         Total |       0 |     191 |   0.0 |       0 |      63 |   0.0 |  3614
               +---------+---------+-------+---------+---------+-------+---------
           D:1 |       0 |      57 |   0.0 |       0 |      32 |   0.0 |  2261
           D:2 |       0 |      72 |   0.0 |       0 |      27 |   0.0 |  1026
           D:3 |       0 |      62 |   0.0 |       0 |       4 |   0.0 |   327
               +---------+---------+-------+---------+---------+-------+---------
